 Dungeon Crawl Stone Soup version 0.31-a0-7-g51783674b7 (console) character file.

Game seed: 11356459651591369108

37 petzl the Sneak (level 3, -5/29 HPs)
             Began as a Formicid Delver on May 6, 2023.
             Killed by nerve-wracking pain
             ... invoked by an orc priest
              (11 damage)
             ... on level 5 of the Dungeon.
             The game lasted 00:01:19 (265 turns).

petzl the Sneak (Formicid Delver)                    Turns: 265, Time: 00:01:20

Health: -5/29      AC:  3    Str: 16    XL:     3   Next: 62%
Magic:  4/4        EV: 12    Int: 11    God:
Gold:   0          SH:  0    Dex: 15    Spells: 3/3 levels left

rFire   . . .        a - +0 mace
rCold   . . .        (no shield)
rNeg    . . .        b - +0 leather armour
rPois   .            (helmet unavailable)
rElec   .            (no cloak)
rCorr   .            (no gloves)
SInv    +            (no boots)
Will    .....        (no amulet)
Stlth   +++          (no ring)
HPRegen 0.24/turn    (no ring)
MPRegen 0.09/turn

%: no passive effects
@: no status effects
A: permanent stasis, dig shafts and tunnels, antennae 3, four strong arms
a: Dig, Shaft Self


You were on level 5 of the Dungeon.
You visited 1 branch of the dungeon, and saw 2 of its levels.

Inventory:

Hand Weapons
 a - a +0 mace (weapon)
Armour
 b - a +0 leather armour (worn)
Wands
 f - a wand of digging (3)
Scrolls
 c - a scroll of fog
 d - a scroll of magic mapping
 e - a scroll of fear
 h - a scroll of enchant weapon {unknown}
Potions
 g - a potion of resistance {unknown}


   Skills:
 - Level 3.6 Fighting
 - Level 2.4 Maces & Flails
 - Level 2.2 Dodging
 - Level 6.3 Stealth
 + Level 0.9 Spellcasting


You had 3 spell levels left.
You didn't know any spells.
Your spell library was empty.

Dungeon Overview and Level Annotations

Branches:
Dungeon (6/15)
 Temple: D:4-7

Altars:

Shops:
D:5 ?


Innate Abilities, Weirdness & Mutations

You cannot be hasted, slowed, berserked, paralysed or teleported.
You can dig through walls and to a lower floor.
You have a pair of large antennae on your head. (SInv)
Your four strong arms can wield two-handed weapons with a shield.


Message History

Found a lumpy coppery potion.
Found a dire flail.
There is an entrance to Radaus's Magic Scroll Emporium here.
Found 11 gold pieces and a book of Flames.
g - a lumpy coppery potion
Found a scroll labelled FEREGG FELOXKE.
An orc priest and an orc come into view.
The orc priest shouts!
The orc shouts!
An orc comes into view. It is wielding a +0 trident.
The orc moves out of view.
You see here a scroll labelled FEREGG FELOXKE.
h - a scroll labelled FEREGG FELOXKE The orc priest hits you from afar with a +0 trident.
The orc priest closely misses you.
The orc hits you from afar with a +0 trident.
You closely miss the orc priest. The orc priest misses you.
The orc barely misses you.
You hit the orc priest.
The orc priest is moderately wounded.
The orc priest completely misses you. The orc closely misses you.
The orc priest closely misses you. The orc misses you.
You hit the orc priest.
The orc priest is severely wounded.
The orc closely misses you.
The orc priest invokes the aid of Beogh against you.
Pain shoots through your body!
You hit the orc priest but do no damage.
The orc priest is severely wounded.
The orc priest hits you with a +0 trident!
* * * LOW HITPOINT WARNING * * *
The orc hits you from afar with a +0 trident.
* * * LOW HITPOINT WARNING * * *
You closely miss the orc priest.
The orc priest is severely wounded.
The orc priest barely misses you. The orc hits you but does no damage.
You hit the orc priest but do no damage.
The orc priest is severely wounded.
The orc priest mumbles some strange prayers to Beogh against you.
Pain shoots through your body!
You die...

.......# .# ## ...#..#.#.#
).....# #...... .........#
......# #..##..##.#.:#...#
......# #......#....o....
......###..##...$...... .#
...........####......#...#
.......##................#
.....#.###.#####...####..#
...∩................###..#
....##...#.#####.........#
#...####.#.# ####.####.#
#........#.## #o#
#...........# #.#
#...........# #.#
##......###.#######o####.#
#......# .##...@o........
#......# .#+####.##.#.#.
#......## ... #.# #
###+###.# ... #.# . #.#
#.# .... #.## .# #.#
#.##..... #..# #. { #h#
#.......# #..##. #.#
#.#####.####.... #.#
#..............##.#.#
#.#####†###...##........#
#.......# #...##..#
###.....# #...##[.#
#.....###.......#
#..........>..#.#
##...####...###.# #...#
##......# #.#######.######
#######.........#
........#########


You could see an orc priest and an orc.

Vanquished Creatures
  A hound (D:5)
  An adder (D:5)
2 creatures vanquished.

Notes
Turn   | Place    | Note
-------+----------+-------------------------------------------
     0 | D:5      | petzl the Formicid Delver began the quest for the Orb.
     0 | D:5      | Reached XP level 1. HP: 18/18 MP: 1/1
     7 | D:6      | Noticed an iguana
    57 | D:5      | Noticed an ogre
    78 | D:5      | Noticed a hound
    98 | D:5      | Killed a hound
    99 | D:5      | Reached XP level 2. HP: 6/24 MP: 2/2
    99 | D:5      | Reached XP level 3. HP: 7/29 MP: 3/3
   218 | D:5      | Found Radaus's Magic Scroll Emporium.
   265 | D:5      | Killed from afar by an orc priest

Illustrated notes

Levels and vault maps discovered:
D:5:      layout_basic, serial_shops, shop, minmay_fountain_box
D:6:      layout_basic, mainiacjoe_overflow_surrounded_room, minitemple,
          dreamdust_princess_corridor, skrybe_limestone_x

Skill      XL: |  1 |
---------------+----+-----
Dodging        | 2 |  2.2
Fighting       | |  3.6
Maces & Flails | |  2.4
Stealth        | |  6.3
Spellcasting   | |  0.9

Action                     || total
---------------------------++-------
  Melee: Mace              ||    23
 Armour: Leather armour    ||     5
  Dodge: Dodged            ||    25

Table legend: (Time is in decaauts)
 A = Elapsed time spent in this place.
 B = Non-inter-level travel time spent in this place.
 C = Inter-level travel time spent in this place.
 D = Time resting spent in this place.
 E = Time spent auto-exploring this place.
 F = Levels seen in this place.
 G = Mean time per level.
                   A        B        C        D        E       F      G
               +--------+--------+--------+--------+--------+-----+--------+
         Total |    271 |    271 |      0 |     98 |     17 |   2 |  135.5 |
       Dungeon |    271 |    271 |      0 |     98 |     17 |   2 |  135.5 |
               +--------+--------+--------+--------+--------+-----+--------+

Top non-repeatable levels by time:
     D:5: 261 daAuts
     D:6: 9 daAuts
